 Dungeon Crawl Stone Soup version 0.29-a0-1-gf2d273c862 (webtiles) character file.

Game seed: 1974605196712199969

2268 Ijustatesigmund the Fighter (level 9, -1/60 HPs)
             Began as a Gargoyle Fighter on Jan 26, 2022.
             Was a Follower of Cheibriados.
             Slain by a gnoll sergeant (16 damage)
             ... on level 6 of the Dungeon.
             The game lasted 00:09:23 (7896 turns).

Ijustatesigmund the Fighter (Gargoyle Fighter)      Turns: 7896, Time: 00:09:24

Health: -1/60      AC: 16    Str: 23    XL:     9   Next: 38%
Magic:  11/11      EV:  7    Int: 12    God:    Cheibriados [*.....]
Gold:   250        SH:  4    Dex: 13    Spells: 8/8 levels left

rFire   + . .      SeeInvis .   a - +1 flail (freeze)
rCold   . . .      Faith    .   c - +0 buckler
rNeg    + . .      Spirit   .   b - +0 chain mail
rPois   ∞          Reflect  .   (helmet restricted)
rElec   +          Harm     .   (no cloak)
rCorr   .          Rampage  .   (no gloves)
Will    .....                   (no boots)
Stlth   ..........              (no amulet)
HPRegen 0.20/turn               (no ring)
MPRegen 0.12/turn               (no ring)

@: very slow
A: sickness immunity, AC +6, negative energy resistance 1, electricity
resistance, torment resistance 1, petrification resistance, antennae 1, fire
resistance 1
a: Renounce Religion, Bend Time


You were on level 6 of the Dungeon.
You worshipped Cheibriados.
Cheibriados was aware of your devotion.
You visited 2 branches of the dungeon, and saw 7 of its levels.
You also visited: Sewer.

You collected 277 gold pieces.
You spent 27 gold pieces at shops.

Inventory:

Hand Weapons
 a - a +1 flail of freezing (weapon)
Armour
 b - a +0 chain mail (worn)
 c - a +0 buckler (worn)
 s - the +0 helmet of Conscience {Str+2 Slay+2}
   (You found it on level 5 of the Dungeon)

   Str:       It affects your strength (+2).
   Slay:      It affects your accuracy & damage with ranged weapons and melee
   (+2).
Jewellery
 k - a ring of ice
 n - a ring of ice
Wands
 o - a wand of polymorph (8)
 t - a wand of flame (21)
Scrolls
 d - 3 scrolls of silence
 r - a scroll of amnesia
Potions
 g - a potion of magic {unknown}
 h - a potion of ambrosia {unknown}
 i - 2 potions of invisibility {unknown}
 j - 2 potions of lignification {unknown}
 l - a potion of flight {unknown}
 m - a potion of might
 p - a potion of mutation
 q - 2 potions of haste {unknown}


   Skills:
 + Level 9.0 Fighting
 + Level 7.9 Maces & Flails
 + Level 5.7 Armour
 - Level 3.2 Shields
 + Level 3.7 Invocations


You had 8 spell levels left.
You didn't know any spells.
Your spell library contained the following spells:

 Spells                   Type           Power      Damage    Failure   Level
 Blink                    Tloc           0%         N/A       99%         2
 Dazzling Flash           Conj/Hex       0%         N/A       100%        3
 Inner Flame              Hex/Fire       0%         N/A       100%        3
 Tukima's Dance           Hex            0%         N/A       100%        3
 Cause Fear               Hex            0%         N/A       100%        4
 Passage of Golubria      Tloc           0%         N/A       100%        4
 Summon Ice Beast         Ice/Summ       0%         N/A       100%        4
 Agony                    Necr           0%         N/A       100%        5
 Manifold Assault         Tloc           0%         N/A       100%        5
 Silence                  Hex/Air        0%         N/A       100%        5
 Summon Mana Viper        Hex/Summ       0%         N/A       100%        5
 Yara's Violent Unravell  Hex/Tmut       0%         3d3       100%        5
 Monstrous Menagerie      Summ           0%         N/A       100%        7
 Storm Form               Tmut/Air       0%         N/A       100%        7
 Discord                  Hex            0%         N/A       100%        8


Dungeon Overview and Level Annotations

Branches:
Dungeon (6/15)             Temple (1/1) D:4           Sewer (visited)

Altars:
Ashenzari
Cheibriados
Dithmenos
Elyvilon
Fedhas
Hepliaklqana
Kikubaaqudgha
Makhleb
Nemelex Xobeh
Okawaru
Qazlal
Ru
Sif Muna
Trog
Uskayaw
Vehumet
Wu Jian
Xom
Yredelemnul
Zin
The Shining One
Beogh

Shops:
D:2 *(

Annotations:
D:4 3 runed translucent doors, caleiya's ghost, amateur GrEE
D:5 3 runed translucent doors, bgiannan's ghost, novice MiFi


Innate Abilities, Weirdness & Mutations

You are immune to sickness and miasma.
Your stone body is resilient. (AC +6)
You are immune to poison.
You resist negative energy. (rN+)
You are resistant to electric shocks. (rElec)
You are resistant to unholy torment.
You are immune to petrification.
You have a pair of small antennae on your head.
Your flesh is heat resistant. (rF+)


Message History

Reactivating autopickup.
You feel a bit more experienced.
The kobold brigand throws a poisoned dart.
The poisoned dart barely misses you.
The gnoll sergeant hits you from afar with a +1 spear of distortion.
Space warps around you.
The kobold brigand hits you with a +0 whip.
Things that are here:
a +0 dagger; a +0 robe; an orc corpse You sock the kobold brigand!
You freeze the kobold brigand.
The kobold brigand is heavily wounded.
The gnoll sergeant closely misses you.
The kobold brigand hits you but does no damage.
You hit the kobold brigand. You freeze the kobold brigand.
The kobold brigand is heavily wounded.
The gnoll sergeant hits you from afar with a +1 spear of distortion.
Space warps horribly around you!
The kobold brigand hits you but does no damage.
You hit the kobold brigand. You freeze the kobold brigand.
The kobold brigand is almost dead.
The gnoll sergeant hits you but does no damage.
You blink.
The gnoll sergeant hits you but does no damage.
The gnoll sergeant hits you but does no damage.
Space warps horribly around you!
* * * LOW HITPOINT WARNING * * *
You see here a howler monkey corpse.
Okay, then.
It was a potion of mutation.
You feel extremely strange.
You feel resistant to heat. A pair of antennae grows on your head!
The +0 helmet of Conscience {Str+2 Slay+2} falls away!
The gnoll sergeant hits you but does no damage.
Space warps around you.
* * * LOW HITPOINT WARNING * * *
You block the gnoll sergeant's attack.
You hit the gnoll sergeant. You freeze the gnoll sergeant.
The gnoll sergeant is lightly wounded.
The gnoll sergeant hits you but does no damage.
Space warps horribly around you!
You die...

#...### ### ##†## ..#
#)# #.# #.# #.# #.#
#.# #.# #.# #.#
#.#######.####.##
#....<)Kg@†..)†.#
#########.####..#
#######.#.....#
###...............
....................
≈≈≈≈....≈≈≈≈≈≈≈≈≈≈≈≈≈≈
≈≈≈≈....≈≈≈≈≈≈≈≈≈≈≈≈≈≈
≈≈≈≈....≈≈≈≈≈≈≈≈≈≈≈≈##
....................#


You could see a kobold brigand and a gnoll sergeant.

Vanquished Creatures
  Sigmund (D:3)
  A steam dragon (D:6)
  A water moccasin (D:6)
  A black bear (D:5)
  An ice beast (D:6)
  2 ogres
  A necrophage (D:4)
  4 scorpions
  A wyvern zombie (D:6)
  A water moccasin zombie (D:6)
  4 wights
  2 howler monkeys
  2 bullfrog zombies
  2 orc priests
  A jelly (D:3)
  4 hounds
  4 iguanas
  A bullfrog skeleton (D:6)
  Natasha (thrice) (D:3)
  5 orc wizards
  A hell rat (Sewer)
  5 gnolls
  11 adders
  A river rat (D:4)
  A white imp (D:6)
  3 worms (D:4)
  3 dart slugs
  8 orcs
  6 endoplasms
  3 giant cockroaches (D:2)
  2 goblins (D:3)
  3 hobgoblins
  6 jackals (D:1)
  2 quokkas
  6 ball pythons
  4 bats
  A frilled lizard (D:2)
  6 kobolds
  14 rats
128 creatures vanquished.

Vanquished Creatures (others)
  A plant (D:6)
  5 withered plants (D:6)
6 creatures vanquished.

Grand Total: 134 creatures vanquished

Notes
Turn   | Place    | Note
-------+----------+-------------------------------------------
     0 | D:1      | Ijustatesigmund the Gargoyle Fighter began the quest for
                  | the Orb.
     0 | D:1      | Reached XP level 1. HP: 14/14 MP: 1/1
   395 | D:1      | Reached XP level 2. HP: 19/19 MP: 2/2
   864 | D:2      | Reached XP level 3. HP: 24/24 MP: 3/3
   874 | D:2      | Found a faded altar of an unknown god.
   880 | D:2      | Reached skill level 4 in Fighting
   899 | D:2      | Found Oloaloka's Weapon Emporium.
   911 | D:2      | Found Miadamat's Assorted Antiques.
   914 | D:2      | Bought a scroll labelled CUIP TAUGG for 27 gold pieces
  1502 | D:3      | Reached XP level 4. HP: 19/30 MP: 4/4
  1616 | D:3      | Noticed Sigmund
  1628 | D:3      | Killed Sigmund
  1629 | D:3      | Reached skill level 5 in Fighting
  1629 | D:3      | Reached XP level 5. HP: 29/35 MP: 5/5
  1629 | D:3      | Reached XP level 6. HP: 33/40 MP: 6/6
  1908 | D:3      | Noticed Natasha
  1920 | D:3      | Killed Natasha
  2235 | D:3      | Reached skill level 6 in Fighting
  2433 | D:3      | Noticed Natasha
  2438 | D:3      | Killed Natasha
  2439 | D:3      | Reached skill level 5 in Maces & Flails
  3079 | D:3      | Noticed Natasha
  3096 | D:3      | Killed Natasha
  3528 | D:4      | Noticed a necrophage
  3534 | D:4      | Killed a necrophage
  3535 | D:4      | Reached XP level 7. HP: 39/47 MP: 7/7
  3717 | D:4      | Found a runed translucent gate.
  3718 | D:4      | Found a runed translucent gate.
  3719 | D:4      | Found a runed translucent gate.
  3719 | D:4      | Noticed caleiya's ghost (amateur GrEE)
  3870 | D:4      | Found a glowing drain.
  3877 | Sewer    | Entered a sewer
  4190 | D:4      | Reached skill level 7 in Fighting
  4500 | D:4      | Found a staircase to the Ecumenical Temple.
  5414 | D:5      | Entered Level 5 of the Dungeon
  5687 | D:5      | Found a runed translucent gate.
  5687 | D:5      | Found a runed translucent gate.
  5687 | D:5      | Found a runed translucent gate.
  5687 | D:5      | Noticed bgiannan's ghost (novice MiFi)
  5688 | D:5      | Identified the +6 hand axe of Laceration {vorpal, rC- rCorr
                  | Str+5}
  5705 | D:5      | Identified the +0 buckler of Autumn {-Cast rElec Str-5
                  | SInv}
  5723 | D:5      | Reached XP level 8. HP: 51/53 MP: 8/8
  6084 | D:5      | Reached skill level 8 in Fighting
  6176 | D:5      | Identified the +0 helmet of Conscience {Str+2 Slay+2}
  6678 | Temple   | Entered the Ecumenical Temple
  6763 | Temple   | Became a worshipper of Cheibriados the Contemplative
  6864 | D:5      | Reached skill level 1 in Invocations
  7092 | D:6      | Reached skill level 5 in Armour
  7100 | D:6      | Reached XP level 9. HP: 27/60 MP: 10/10
  7738 | D:6      | Reached * piety under Cheibriados
  7745 | D:6      | Reached skill level 9 in Fighting
  7894 | D:6      | Gained mutation: Your flesh is heat resistant. (rF+)
                  | [potion of mutation]
  7894 | D:6      | Gained mutation: You have a pair of small antennae on your
                  | head. [potion of mutation]
  7896 | D:6      | Slain by a gnoll sergeant

Illustrated notes

Levels and vault maps discovered:
D:1:      scummos_arrival_gate, layout_rooms, minmay_tetromino_i2
D:2:      layout_loops_ring, serial_shops, nicolae_shop_bloodbath_and_beyond,
          nicolae_shop_behind_doors, hellmonk_ecumenical_altar_arch_garden
D:3:      layout_basic, uniq_sigmund, uniq_natasha
D:4:      layout_loops_ring, minmay_temple_entry_mist, gammafunk_ghost_split,
          lightli_sewer_entry_pipes
D:5:      layout_basic, biasface_ghost_orc_armoury
D:6:      lemuel_castle_with_subvaults [lemuel_castle_interior_original],
          layout_loops_ring, serial_undead, serial_undead_b, serial_undead_e,
          serial_undead_d, serial_undead_e
Temple:   grunt_wide_crystal_templ

Skill      XL: |  1  2  3  4  5  6  7  8  9 |
---------------+----------------------------+-----
Fighting       | 4 5 6 7 8 9 |  9.0
Maces & Flails | 3 4 5 6 7 |  7.9
Armour         | 5 |  5.7
Invocations    | 2 3 |  3.7
Shields        | |  3.2

Action                   |  1- 3 |  4- 6 |  7- 9 || total
-------------------------+-------+-------+-------++-------
Melee: Flail             |   116 |   108 |   304 ||   528
  Use: Scroll            |     2 |     6 |     3 ||    11
       Potion            |       |     2 |     7 ||     9
Armor: Scale mail        |    52 |       |       ||    52
       Chain mail        |    14 |    59 |   210 ||   283
Dodge: Dodged            |    67 |    44 |   108 ||   219
Block: Buckler           |    34 |    17 |    70 ||   121

Table legend: (Time is in decaauts)
 A = Elapsed time spent in this place.
 B = Non-inter-level travel time spent in this place.
 C = Inter-level travel time spent in this place.
 D = Time resting spent in this place.
 E = Time spent auto-exploring this place.
 F = Levels seen in this place.
 G = Mean time per level.
                   A        B        C        D        E       F      G
               +--------+--------+--------+--------+--------+-----+--------+
         Total |   8128 |   7651 |    477 |   1682 |   4379 |   8 | 1016.0 |
       Dungeon |   7861 |   7437 |    424 |   1682 |   4238 |   6 | 1310.2 |
        Temple |    107 |     54 |     53 |      0 |     37 |   1 |  107.0 |
         Sewer |    159 |    159 |      0 |      0 |    104 |   1 |  159.0 |
               +--------+--------+--------+--------+--------+-----+--------+

Top non-repeatable levels by time:
     D:4: 1986 daAuts
     D:5: 1852 daAuts
     D:3: 1812 daAuts
     D:2: 897 daAuts
     D:1: 796 daAuts
     D:6: 517 daAuts
   Sewer: 159 daAuts
  Temple: 107 daAuts
